 Dungeon Crawl Stone Soup version 0.19.1-1-g22dce08 (webtiles) character file.

277 TuxedoFelix the Slasher (level 6, 0/47 HPs)
             Began as a Human Fighter on Jan 14, 2017.
             Slain by Pikel
             ... wielding a +2 whip of electrocution
              (17 damage)
             ... on level 4 of the Dungeon.
             The game lasted 00:21:44 (4210 turns).

TuxedoFelix the Slasher (Human Fighter)             Turns: 4210, Time: 00:21:45

Health: 0/47       AC: 10    Str: 23    XL:     6   Next: 51%
Magic:  6/6        EV:  8    Int:  9    God:
Gold:   162        SH: 10    Dex: 12    Spells: 0 memorised, 5 levels left

rFire  . . .     SeeInvis .     a - +0 long sword
rCold  . . .     Gourm    .     b - +2 scale mail
rNeg   . . .     Faith    .     c - +0 shield
rPois  .         Spirit   .     (no helmet)
rElec  .         Reflect  .     (no cloak)
rCorr  .         Harm     .     y - +0 pair of gloves
MR     .....                    (no boots)
Stlth  ..........               (no amulet)
                                (no ring)
                                s - ring of wizardry

@: mighty
A: no striking features
a: no special abilities


You were on level 4 of the Dungeon.
You were not hungry.

You visited 1 branch of the dungeon, and saw 4 of its levels.

You collected 162 gold pieces.

Inventory:

Hand Weapons
 a - a +0 long sword (weapon)
 n - a +1 dagger of speed
Missiles
 x - 2 tomahawks (quivered)
Armour
 b - a +2 scale mail (worn)
 c - a +0 shield (worn)
 y - a +0 pair of gloves (worn)
Jewellery
 s - a ring of wizardry (left hand)
Scrolls
 f - 2 scrolls of amnesia {unknown}
 h - a scroll of blinking {unknown}
 l - 2 scrolls of identify {unknown}
 m - a scroll of recharging {unknown}
 o - 2 scrolls of remove curse
 p - a scroll of noise {unknown}
 q - a scroll of magic mapping {unknown}
 r - a scroll of random uselessness {unknown}
Potions
 e - a potion of heal wounds {unknown}
 i - a potion of cure mutation {unknown}
 j - a potion of degeneration {unknown}
 t - a potion of resistance
 u - a potion of curing {unknown}
 v - a potion of beneficial mutation {unknown}
 A - a potion of lignification {unknown}
Comestibles
 g - 4 meat rations
 w - 2 bread rations
 z - 3 fruits


   Skills:
 + Level 3.6 Fighting
 + Level 4.1 Long Blades
 + Level 4.0 Armour
 + Level 1.2 Dodging
 + Level 0.9 Stealth
 + Level 4.0 Shields


You had 5 spell levels left.
You didn't know any spells.

Dungeon Overview and Level Annotations

Branches:
Dungeon (4/15)
 Temple: D:4-7

Altars:
Yredelemnul

Annotations:
D:4 Pikel


Message History

The slave barely misses you. You block Pikel's attack.
The slave hits you but does no damage. x3
As you read the scroll of fear, it crumbles to dust.
You assume a fearsome visage.
Pikel looks frightened!
The slave looks frightened! x4
Pikel yells at you, "GO AWAY!"
Found 4 gold pieces.
Found a murky grey potion.
Found 13 gold pieces.
You start resting.
Unknown command.
You hear the brisk hiss of a distant avalanche of sand.
You see here a murky grey potion.
e - a murky grey potion You feel very mighty all of a sudden.
You hit Pikel.
Pikel is lightly wounded.
Pikel hits you with a whip of electrocution.
You are electrocuted!
You die...

..##.#..####..##..##...
..................p....
....................>..
...#.............p...
#.##$#..####K.##..##...
..............##.......
#.##.#..##....##p###...
##.##.#.................
.......@K.........###p..
.............#.#..# ...
##................###...
####........#.#........
..#...........#.#.((
##.#####............. #.
###.##....#.#... ..
................
###.##..........


You could see Pikel.

Vanquished Creatures
  A crimson imp (D:3)
  2 worker ants
  4 gnolls (D:3)
  7 adders
  An ooze (D:3)
  3 worms
  2 dart slugs (D:1)
  6 orcs (D:3)
  4 giant cockroaches
  7 goblins
  5 hobgoblins
  6 jackals
  3 quokkas
  A ball python (D:2)
  10 bats
  5 frilled lizards
  6 kobolds
  5 rats
  A spectral orc (D:3)
79 creatures vanquished.

Notes
Turn   | Place    | Note
-------+----------+-------------------------------------------
     0 | D:1      | TuxedoFelix the Human Fighter began the quest for the Orb.
     0 | D:1      | Reached XP level 1. HP: 18/18 MP: 1/1
   324 | D:1      | Reached XP level 2. HP: 20/24 MP: 2/2
   618 | D:1      | Reached XP level 3. HP: 19/29 MP: 3/3
  1490 | D:2      | Reached XP level 4. HP: 28/35 MP: 4/4
  2217 | D:2      | Reached XP level 5. HP: 41/41 MP: 5/5
  2698 | D:3      | Reached skill level 1 in Dodging
  3288 | D:3      | Reached XP level 6. HP: 22/47 MP: 6/6
  3694 | D:3      | Found a basalt altar of Yredelemnul.
  4174 | D:4      | Noticed a slave
  4175 | D:4      | Noticed a slave
  4176 | D:4      | Noticed a slave
  4176 | D:4      | Noticed Pikel
  4177 | D:4      | Noticed a slave
  4210 | D:4      | Slain by Pikel

Skill      XL: |  1  2  3  4  5  6 |
---------------+-------------------+-----
Long Blades    | 3 4 |  4.1
Dodging        | 1 |  1.2
Armour         | 4 |  4.0
Shields        | 4 |  4.0
Fighting       | |  3.6
Stealth        | |  0.9

Action                   |  1- 3 |  4- 6 || total
-------------------------+-------+-------++-------
Melee: Long sword        |   118 |   219 ||   337
  Use: Scroll            |     1 |     5 ||     6
       Potion            |       |     3 ||     3
  Eat: Chunk             |     1 |     2 ||     3
       Bread ration      |     1 |     1 ||     2
Armor: Scale mail        |    98 |   104 ||   202
Dodge: Dodged            |    54 |    75 ||   129
Block: Shield            |    82 |   119 ||   201
       Rpst.: Long sword |    16 |    21 ||    37
